 Dungeon Crawl Stone Soup version 0.18-a0-1180-g64ccc1e (webtiles) character file.

106 inmateoo the Charmwright (level 4, -4/30 HPs)
             Began as a High Elf Skald on Jan 27, 2016.
             Slain by Natasha (5 damage)
             ... on level 2 of the Dungeon.
             The game lasted 00:02:54 (1875 turns).

inmateoo the Charmwright (High Elf Skald)           Turns: 1875, Time: 00:02:55

Health: -4/30      AC:  6    Str: 11    XL:     4   Next: 55%
Magic:  5/9        EV:  9    Int: 17    God:
Gold:   102        SH:  0    Dex: 16    Spells: 1 memorised, 7 levels left

rFire  . . .     SeeInvis .     a - +0 falchion
rCold  . . .     Gourm    .     k - +0 scale mail
rNeg   . . .     Faith    .     (no shield)
rPois  .         Spirit   .     (no helmet)
rElec  .         Dismiss  .     (no cloak)
rCorr  .         Reflect  .     (no gloves)
SustAt .         Harm     .     (no boots)
MR     .....                    (no amulet)
Stlth  ..........               (no ring)
                                m - +2 ring of intelligence

@: infused, very slightly contaminated, not resistant to hostile enchantments,
extremely unstealthy
A: no striking features
a: no special abilities


You were on level 2 of the Dungeon.
You were very hungry.

You visited 1 branch of the dungeon, and saw 3 of its levels.

You collected 102 gold pieces.

Inventory:

Hand Weapons
 a - a +0 falchion (weapon)
 p - a cursed -2 dagger
Armour
 k - a +0 scale mail (worn)
Jewellery
 m - a +2 ring of intelligence (left hand)
Potions
 b - a potion of lignification {unknown}
 e - a potion of flight {unknown}
 f - a potion of haste
 h - a potion of cancellation {unknown}
 i - a potion of cure mutation {unknown}
 j - 2 potions of agility {unknown}
 l - a potion of resistance {unknown}
 o - a potion of curing
Books
 c - a book of Battle

   Spells                             Type                      Level
   a - Infusion                       Charms                       1
   b - Shroud of Golubria             Charms/Translocation         2
   c - Song of Slaying                Charms                       2
   d - Spectral Weapon                Hexes/Charms                 3
   e - Regeneration                   Charms/Necromancy            3
Comestibles
 d - 2 bread rations
 g - a slice of pizza


   Skills:
 + Level 2.7 Fighting
 * Level 3.7 Long Blades
 + Level 1.8 Armour
 + Level 1.8 Dodging
 - Level 2.7 Spellcasting
 + Level 4.2 Charms


You had 7 spell levels left.
You knew the following spells:

 Your Spells              Type           Power        Failure   Level  Hunger
a - Infusion              Chrm           ###.         21%         1    #......


Dungeon Overview and Level Annotations

Branches:
Dungeon (3/15)

Altars:
Ashenzari
Makhleb
Nemelex Xobeh
Xom

Annotations:
D:2 Natasha


Message History

Natasha claws you but does no damage.
Your scale mail prevents you from hitting Natasha.
Natasha is heavily wounded.
The white imp gestures at you. The puff of frost hits you!
Natasha casts a spell at you. The magic dart hits you!
You hit Natasha.
Natasha is severely wounded.
The white imp gestures at you. The puff of frost hits you! Natasha claws you.
* * * LOW HITPOINT WARNING * * *
Your scale mail prevents you from hitting Natasha.
Natasha is severely wounded.
The white imp hits you.
* * * LOW HITPOINT WARNING * * *
The white imp freezes you.
* * * LOW HITPOINT WARNING * * *
Natasha claws you.
You die...

####.#######..........# #.#
##....................# #.#
.#.#...######.........# #.#
.#.##..### #.........# #.#
.........# #.........# #.#
....####.# ##.......## #.#
....## #.# #....>....# #.#
.....# #.# #.........# #.#
..#..###.## #..5@.....# #.#
..........###..h......####.####
.##..####...#.........#.......#
..##......#.##.......##.......#
...#.###..............>..<....#
.......###.h###########.......#
#....#.# #..####### #.......#
##.#.).####.......# #.......#
#..............#.### #.......#


You could see Natasha and a white imp.

Vanquished Creatures
  Natasha (D:2)
  3 adders (D:2)
  An ooze (D:2)
  2 giant geckos (D:1)
  A ball python (D:1)
  2 bats (D:2)
  3 giant cockroaches
  9 goblins
  8 hobgoblins
  2 jackals (D:1)
  A quokka (D:2)
  2 giant newts (D:2)
  7 kobolds
  2 rats (D:1)
44 creatures vanquished.

Notes
Turn   | Place    | Note
--------------------------------------------------------------
     0 | D:1      | inmateoo the High Elf Skald began the quest for the Orb.
     0 | D:1      | Reached XP level 1. HP: 14/14 MP: 4/4
    27 | D:1      | Reached skill level 1 in Armour
    80 | D:1      | Reached XP level 2. HP: 13/19 MP: 6/6
   759 | D:1      | Reached XP level 3. HP: 21/25 MP: 8/8
   902 | D:2      | Noticed Natasha
  1072 | D:2      | Found a shattered altar of Ashenzari.
  1107 | D:2      | Reached skill level 4 in Charms
  1473 | D:2      | Found a faded altar to an unknown god.
  1565 | D:2      | Reached XP level 4. HP: 28/30 MP: 9/9
  1627 | D:2      | Found a sparkling altar of Nemelex Xobeh.
  1630 | D:2      | Found a burning altar of Makhleb.
  1633 | D:2      | Found a shimmering altar of Xom.
  1691 | D:2      | Killed Natasha
  1863 | D:2      | Noticed Natasha
  1875 | D:2      | HP: 1/30 [white imp[Natasha] (3)]
  1875 | D:2      | Slain by Natasha

Vault maps used:
D:1:      lightli_iron_boxes
D:2:      grunt_temple_overflow_diamond, ecumenical_altar_1,
          evilmike_ruin_ashenzari, uniq_natasha
D:3:      lemuel_doored_altar

Action                   |  1- 3 |  4- 6 || total
-------------------------+-------+-------++-------
Melee: Falchion          |   146 |    35 ||   181
 Cast: Infusion          |     1 |     2 ||     3
  Use: Scroll            |     6 |       ||     6
  Eat: Chunk             |     2 |       ||     2
